 Dungeon Crawl Stone Soup version 0.28.0 (webtiles) character file.

Game seed: 1127158554178749122

170 GrayStillPlays the Skirmisher (level 5, -1/46 (47) HPs)
             Began as a Hill Orc Fighter on Feb 8, 2022.
             Was a Follower of Uskayaw.
             Shot with an arrow by a centaur (5 damage)
             ... on level 5 of the Dungeon.
             The game lasted 00:06:23 (3958 turns).

GrayStillPlays the Skirmisher (Hill Orc Fighter)    Turns: 3958, Time: 00:06:23

HP:   -1/46 (47)    AC:  9    Str: 19    XL:     5   Next: 50%
MP:   6/6           EV:  7    Int: 10    God:    Uskayaw [*.....]
Gold: 201           SH:  4    Dex: 10    Spells: 4/4 levels left

rFire   + . .      SeeInvis .   a - +0 war axe {axe}
rCold   . . .      Faith    .   c - +0 buckler
rNeg    . . .      Spirit   .   h - +0 chain mail
rPois   .          Reflect  .   (no helmet)
rElec   .          Harm     .   (no cloak)
rCorr   .          Rampage  .   (no gloves)
Will    .....                   (no boots)
Stlth   ..........              (no amulet)
HPRegen 0.15/turn               o - ring of protection from fire
MPRegen 0.10/turn               (no ring)

@: lightly drained
A: no striking features
a: Renounce Religion, Stomp


You were on level 5 of the Dungeon.
You worshipped Uskayaw.
Uskayaw was noncommittal.
You visited 2 branches of the dungeon, and saw 6 of its levels.

You collected 201 gold pieces.


   Skills:
 + Level 4.7 Fighting
 + Level 4.2 Axes
 + Level 4.2 Armour
 + Level 4.2 Shields
 + Level 1.5 Invocations


You had 4 spell levels left.
You didn't know any spells.
Your spell library was empty.

Inventory:

Hand Weapons
 a - a +0 war axe (weapon) {axe}
Missiles
 b - 139 stones (quivered) {throwing}
 e - 20 bolts
 j - 24 arrows
 n - 56 sling bullets
 s - 4 poisoned darts {throwing}
Armour
 c - a +0 buckler (worn)
 h - a +0 chain mail (worn)
   (You found it on level 1 of the Dungeon)
 r - a +2 pair of gloves
   (You found it on level 3 of the Dungeon)
Jewellery
 o - a ring of protection from fire (left hand)
   (You found it on level 3 of the Dungeon)
 w - an amulet of magic regeneration {@e2}
   (You found it on level 5 of the Dungeon)
Scrolls
 i - 12 scrolls of identify {unknown}
 l - a scroll of fog {unknown}
 m - 2 scrolls of enchant weapon {unknown}
 p - a scroll of noise {unknown}
 q - a scroll of holy word {unknown}
 v - a scroll of immolation {unknown}
Potions
 d - a potion of might
 f - a potion of invisibility {unknown}
 g - 2 potions of flight {unknown}
 k - 2 potions of mutation {unknown}
 t - a potion of lignification {unknown}
 u - a potion of curing {unknown}

Dungeon Overview and Level Annotations

Branches:
Dungeon (5/15)             Temple (1/1) D:4

Altars:
Ashenzari
Cheibriados
Dithmenos
Fedhas
Gozag
Okawaru
Qazlal
Ru
Trog
Uskayaw
Vehumet
Xom
Zin

... .. .# .. .#### .
....#. . ##..#.##.
........########## ##
)...###....h.hh..##...##
..### #..Z.l.###@.......
.## ##.gJ..## #....###.
## #....### #...##
##..h## ...## ##..g##
..## #...## c.## ##..##
.# ##..## .# ##...#


You could see a centaur, a hound and 2 jackals.


Message History

You hear the rusting of a very distant drain.
You hear the hiss of a very distant avalanche of sand. 😮 HP[+1]
A jackal comes into view.
Found a stone staircase leading up.
The jackal barks!
You hear a bark!
A jackal comes into view.
The jackal bites you but does no damage. 😮 HP[+1]
A jackal comes into view.
You block the jackal's attack.
A jelly comes into view.
The jelly quivers.
The jackal bites you but does no damage.
The jelly moves out of view. 😮 HP[+1]
The jackal bites you but does no damage.
The jackal bites you but does no damage.
The jackal barely misses you.
The jackal bites you but does no damage. 😮 HP[+1]
You see here a +0 hunting sling {sling}.
The jackal bites you but does no damage.
The jackal barely misses you. 😮 HP[+1]
A hound comes into view.
The hound barks!
You hear an angry hiss.
An iguana comes into view.
The iguana hisses angrily.
A bullfrog zombie comes into view.
The hound bites you but does no damage.
The jackal bites you but does no damage.
You block the jackal's attack. The hound bites you.
You block the jackal's attack. 😮 HP[-1]
You take 1 damage, and now have 27/47 hp.
The iguana bites you. The hound bites you.
* * * LOW HITPOINT WARNING * * *
You block the jackal's attack. 😨 HP[-6]
You take 6 damage, and now have 21/47 hp.
The iguana bites you.
* * * LOW HITPOINT WARNING * * *
😨 HP[-2]
You take 2 damage, and now have 19/47 hp.
The hound bites you but does no damage. 😨 HP[+1]
You see here an amulet of magic regeneration {@e2}.
w - an amulet of magic regeneration {@e2} The iguana completely misses you.
You block the hound's attack. The iguana bites you.
* * * LOW HITPOINT WARNING * * *
😨 HP[-6]
You take 6 damage, and now have 14/47 hp.
The hound closely misses you. 😨 HP[+1]
A wight comes into view. It is wielding a +0 trident.
The hound bites you but does no damage. The wight hits you with a +0 trident.
* * * LOW HITPOINT WARNING * * *
The hound bites you but does no damage. 😨 HP[-1]
You take 1 damage, and now have 14/47 hp.
The wight hits you from afar with a +0 trident!
* * * LOW HITPOINT WARNING * * *
The jackal barely misses you. 😱 HP[-8]
You take 8 damage, and now have 6/47 hp.
The hound bites you but does no damage.
The wight hits you from afar with a +0 trident.
* * * LOW HITPOINT WARNING * * *
You feel drained. 😱 HP[-4]
You now have 46 max hp (-1).
You take 4 damage, and now have 2/46 hp.
The hound barely misses you.
The jackal bites you but does no damage.
The hound closely misses you.
The jackal bites you but does no damage.
You hear the brisk rusting of a very distant drain.
You hear the brisk hiss of an avalanche of sand nearby.
The hound barely misses you. The hound barely misses you.
You block the jackal's attack.
The jackal bites you but does no damage.
The hound barely misses you. 😱 HP[+1]
You block the jackal's attack.
The jackal bites you but does no damage.
You block the jackal's attack. You block the hound's attack.
The jackal bites you but does no damage.
The hound barely misses you. The jackal barely misses you.
The jackal bites you but does no damage. 😱 HP[+1]
You block the jackal's attack. The hound bites you but does no damage.
A centaur comes into view.
The centaur shouts!
The centaur wields a +0 shortbow.
The centaur shoots an arrow.
The arrow hits you.
You die...

Skill      XL: |  1  2  3  4 |
---------------+-------------+-----
Axes           | 3 4 |  4.2
Fighting       | 4 |  4.7
Shields        | 4 |  4.2
Armour         | 4 |  4.2
Invocations    | 1 |  1.5

Action                   |  1- 3 |  4- 6 || total
-------------------------+-------+-------++-------
Melee: War axe           |   107 |    56 ||   163
Armor: Scale mail        |    10 |       ||    10
       Chain mail        |    55 |    57 ||   112
Dodge: Dodged            |    36 |    30 ||    66
Block: Buckler           |    21 |    30 ||    51

Levels and vault maps discovered:
D:1:      saegor_arrival_simple_b, layout_basic, roderic_lattice_a
D:2:      kennysheep_six_static_rooms, layout_basic, feat_on_display
D:3:      layout_basic, basic_ecumenical_altar
D:4:      layout_loops_ring, fedhas_altar_fruit_tree,
          minmay_temple_entry_butterflies, serial_aquarium,
          aquarium_bridge_long_joined [aquarium_subvault_bridge,
          aquarium_subvault_bridge, aquarium_subvault_wall,
          aquarium_subvault_wall, aquarium_subvault_window,
          aquarium_subvault_balcony], aquarium_bridge_square
          [aquarium_subvault_window, aquarium_subvault_wall,
          aquarium_subvault_bridge, aquarium_subvault_bridge],
          aquarium_window_1, aquarium_window_corridor_1, aquarium_window_1,
          aquarium_view_4, aquarium_view_2c, aquarium_balcony_3a
D:5:      minmay_thick_lines, layout_cave_pools, mainiacjoe_overflow_big_doors,
          nicolae_ossuary_entry_false_entrances, portal_sewer_entry_e,
          kennysheep_boxes
Temple:   compressed_dpeg_circular_temple

Notes
Turn   | Place    | Note
-------+----------+-------------------------------------------
     0 | D:1      | GrayStillPlays the Hill Orc Fighter began the quest for the
                  | Orb.
     0 | D:1      | Reached XP level 1. HP: 19/19 MP: 1/1
     0 | D:1      | magus.rc [v1.9.6]
   217 | D:1      | Reached skill level 3 in Axes
   217 | D:1      | Reached XP level 2. HP: 26/27 MP: 2/2
   915 | D:2      | Reached skill level 4 in Fighting
   946 | D:2      | Reached XP level 3. HP: 29/33 MP: 3/3
  1643 | D:2      | Reached XP level 4. HP: 33/40 MP: 4/4
  2047 | D:3      | Reached skill level 4 in Shields
  2243 | D:3      | You fall into a shaft and drop 1 floor!
  2341 | D:3      | Found a faded altar of an unknown god.
  2759 | D:4      | Reached skill level 4 in Armour
  2813 | D:4      | Found a staircase to the Ecumenical Temple.
  2821 | Temple   | Entered the Ecumenical Temple
  2856 | Temple   | Became a worshipper of Uskayaw the Reveller
  3075 | D:4      | Reached * piety under Uskayaw
  3077 | D:4      | Reached ** piety under Uskayaw
  3479 | D:4      | Found a blossoming altar of Fedhas.
  3491 | D:4      | Reached skill level 4 in Axes
  3491 | D:4      | Reached skill level 1 in Invocations
  3491 | D:4      | Reached XP level 5. HP: 32/47 MP: 5/5
  3639 | D:5      | Entered Level 5 of the Dungeon
  3767 | D:5      | HP: 11/47 [poisoned by a gnoll]
  3798 | D:5      | HP: 11/47 [hound zombie (1)]
  3806 | D:5      | HP: 11/47 [hound zombie (1)]
  3824 | D:5      | Noticed a black bear
  3939 | D:5      | HP: 6/47 [wight (8)]
  3941 | D:5      | HP: 2/47 [wight (5)]
  3958 | D:5      | Noticed a centaur
  3958 | D:5      | Shot with an arrow by a centaur

Vanquished Creatures
  A howler monkey (D:4)
  An iguana (D:4)
  A gnoll (D:4)
  2 adders
  2 worms (D:2)
  2 dart slugs (D:2)
  5 orcs (D:3)
  7 endoplasms
  2 giant cockroaches
  3 goblins
  8 hobgoblins
  A jackal (D:2)
  2 quokkas
  5 ball pythons
  A bat (D:3)
  6 frilled lizards
  7 kobolds
  8 rats
64 creatures vanquished.

Vanquished Creatures (others)
  14 fungi (D:4)
14 creatures vanquished.

Grand Total: 78 creatures vanquished

Table legend:
 A = Non-vault XP
 B = Vault XP
 C = Vault XP percentage of total XP
 D = Non-vault monster count
 E = Vault monster count
 F = Vault count percentage of total count
                 A         B        C        D         E       F
            +---------+---------+-------+---------+---------+-------
      Total |     230 |      13 |   5.3 |      58 |       6 |   9.4
            +---------+---------+-------+---------+---------+-------
        D:1 |      30 |       0 |   0.0 |      22 |       0 |   0.0
        D:2 |      45 |      13 |  22.4 |      16 |       6 |  27.3
        D:3 |      22 |       0 |   0.0 |      10 |       0 |   0.0
        D:4 |     131 |       0 |   0.0 |       9 |       0 |   0.0
        D:5 |       2 |       0 |   0.0 |       1 |       0 |   0.0
            +---------+---------+-------+---------+---------+-------

Illustrated notes

Table legend:
 A = Kills in this place as a percentage of kills in entire the game.
 B = Kills by you in this place as a percentage of kills by you in the entire game.
 C = Kills by friends in this place as a percentage of kills by friends in the entire game.
 D = Other kills in this place as a percentage of other kills in the entire game.
 E = Experience gained in this place as a percentage of experience gained in the entire game.
 F = Experience gained in this place divided by the number of levels of this place that you have seen.
                   A       B       C       D       E      F
               +-------+-------+-------+-------+-------+----------------------
         Total | 100.0 | 100.0 |   N/A |   N/A | 100.0 |  40.5
       Dungeon | 100.0 | 100.0 |   N/A |   N/A | 100.0 |  48.6
               +-------+-------+-------+-------+-------+----------------------

Table legend: (Time is in decaauts)
 A = Elapsed time spent in this place.
 B = Non-inter-level travel time spent in this place.
 C = Inter-level travel time spent in this place.
 D = Time resting spent in this place.
 E = Time spent auto-exploring this place.
 F = Levels seen in this place.
 G = Mean time per level.
                   A        B        C        D        E       F      G
               +--------+--------+--------+--------+--------+-----+--------+
         Total |   4021 |   3817 |    204 |      0 |   3003 |   6 |  670.2 |
       Dungeon |   3961 |   3780 |    181 |      0 |   3003 |   5 |  792.2 |
        Temple |     59 |     36 |     23 |      0 |      0 |   1 |   59.0 |
               +--------+--------+--------+--------+--------+-----+--------+

Top non-repeatable levels by time:
     D:4: 1191 daAuts
     D:2: 964 daAuts
     D:1: 931 daAuts
     D:3: 650 daAuts
     D:5: 223 daAuts
  Temple: 59 daAuts
